AoeStats
← Gaa

Arabia

513104155Analyzed
1v1 RM · 5d ago on Oct 12, 2026· 32m 8s· 2 players
Game mode
Random Map
Map size
Tiny (2 player)
Population
200
Speed
Normal
Resources
Standard
Victory
Conquest
Starting age
Dark Age
Ending age
Imperial Age
RankedLock teamsTeams togetherTeam positionsShared explorationLock speedFull tech treeHidden civsTurbo modeCheats
Victory
Defeat
🇵🇱 Japanese · Poland
1542
+12
vs
🇺🇾 Ethiopians · Uruguay
1443
-12
Gaa
5:24 Loom
6:52 Loom
9:21 Feudal Age
12:19 Horse Collar
12:26 Double-Bit Axe
16:29 Padded Archer Armor
25:46 Castle Age
25:57 Crossbowman
26:30 Fletching
26:55 Leather Archer Armor
27:01 Bow Saw
27:10 Bodkin Arrow
27:34 Leather Archer Armor
mardock_mn
5:21 Loom
7:01 Loom
9:09 Feudal Age
9:35 Man-at-Arms
12:00 Double-Bit Axe
13:01 Horse Collar
15:26 Fletching
17:13 Padded Archer Armor
23:52 Castle Age
23:34 Scale Mail Armor
23:29 Gold Mining
23:30 Stone Mining
24:07 Bloodlines
24:56 Bodkin Arrow
25:17 Leather Archer Armor
26:06 Bow Saw
26:39 Wheelbarrow
26:23 Town Watch
26:08 Elite Skirmisher
28:40 Chain Mail Armor
29:35 Ballistics
31:15 Heavy Plow
Connection lost

Rejoining the realm…

Still unreachable

The connection could not be restored.

Session expired

The server has moved on; the page needs a fresh start.